 Dungeon Crawl Stone Soup version 0.30-a0-600-gb7c8574cbb (webtiles) character file.

Game seed: 1007383081468878853

280 M4edhros the Charlatan (level 6, -1/41 HPs)
             Began as an Octopode Artificer on Jan 7, 2023.
             Slain by Prince Ribbit (5 damage)
             ... on level 5 of the Dungeon.
             The game lasted 00:03:20 (2228 turns).

M4edhros the Charlatan (Octopode Artificer)         Turns: 2228, Time: 00:03:20

Health: -1/41      AC:  1    Str: 11    XL:     6   Next: 27%
Magic:  6/6        EV: 14    Int: 14    God:
Gold:   95         SH:  0    Dex: 14    Spells: 5/5 levels left

rFire   . . .      SeeInvis .      - Unarmed
rCold   . . .      Faith    .    (no shield)
rNeg    . . .      Spirit   .    (helmet restricted)
rPois   +          Reflect  .    (no amulet)
rElec   .          Harm     .    h - ring of poison resistance
rCorr   .          Rampage  .    (no ring)
Will    .....                    (no ring)
Stlth   +++                      (no ring)
HPRegen 0.26/turn                (no ring)
MPRegen 0.10/turn                (no ring)
                                 (no ring)
                                 (no ring)

@: brilliant, unable to drink
A: almost no armour, amphibious, 8 rings, camouflage 1, gelatinous body 1,
(nimble swimmer 1), tentacles, antennae 1, deterioration 1, mutation resistance
1, inability to drink after injury 1
a: no special abilities


You were on level 5 of the Dungeon.
You visited 1 branch of the dungeon, and saw 5 of its levels.
You also visited: Sewer.

You collected 95 gold pieces.

Inventory:

Jewellery
 h - a ring of poison resistance (left tentacle)
Wands
 b - a wand of flame (11) (quivered)
 c - a wand of charming (9)
 d - a wand of iceblast (5)
Scrolls
 a - 3 scrolls of teleportation {unknown}
 e - a scroll of magic mapping {unknown}
 f - a scroll of blinking {unknown}
 i - 2 scrolls of noise {unknown}
 j - a scroll of butterflies {unknown}
 m - 2 scrolls of vulnerability {unknown}
 n - a scroll of brand weapon {unknown}
 o - a scroll of fear {unknown}
 p - a scroll of enchant armour {unknown}
Potions
 l - 5 potions of flight


   Skills:
 + Level 2.4 Fighting
 + Level 3.4 Dodging
 + Level 3.5 Stealth
 * Level 3.3 Unarmed Combat
 + Level 4.2 Evocations


You had 5 spell levels left.
You didn't know any spells.
Your spell library contained the following spells:

 Spells                   Type           Power      Damage    Failure   Level
 Dazzling Flash           Conj/Hex       0%         N/A       65%         3
 Iskenderun's Mystic Bla  Conj/Tloc      0%         2d3       96%         4
 Starburst                Conj/Fire      0%         6d3       100%        6


Dungeon Overview and Level Annotations

Branches:
Dungeon (5/15)              Sewer (visited)
 Temple: D:4-7

Altars:
Elyvilon
Uskayaw
The Shining One

Annotations:
D:5 Prince Ribbit


Innate Abilities, Weirdness & Mutations

You cannot wear most types of armour.
You are amphibious.
You can wear up to eight rings at the same time.
Your skin changes colour to match your surroundings (Stealth+).
Your rubbery body absorbs attacks. (AC +1, EV +1)
((You are camouflaged when in or above water. (Stealth+)))
You have tentacles for arms and can constrict up to eight enemies at once.
You have a pair of small antennae on your head.
Your body sometimes deteriorates upon taking damage.
You are somewhat resistant to further mutation.
You occasionally lose the ability to drink potions when taking damage.


Message History

You are confused.
You bump into the rock wall.
Something hits you.
It was a potion of brilliance.
You feel clever all of a sudden.
Prince Ribbit blinks!
The orc hits you with a +0 whip. Something hits you.
It was a potion of mutation.
You feel extremely strange.
You feel yourself wasting away.
You occasionally lose the ability to drink potions when taking damage.
A pair of antennae grows on your head!
You feel genetically stable. Something hits you.
The orc hits you with a +0 whip.
You bump into the rock wall.
The orc closely misses you. Something hits you.
You are too confused!
Okay, then.
Okay, then.
You're too confused to move!
You feel less confused. Prince Ribbit misses you.
The orc hits you with a +0 whip! Something hits you.
Aiming: Charm
Press: ? - help, Shift-Dir - straight line, f - Prince Ribbit
Aim: Prince Ribbit (chance to affect: 41%) Prince Ribbit resists with some effort.
Prince Ribbit closely misses you. The orc hits you with a +0 whip.
* * * LOW HITPOINT WARNING * * *
Something barely misses you.
Aiming: Charm
Press: ? - help, Shift-Dir - straight line, f - Prince Ribbit
Aim: Prince Ribbit (chance to affect: 41%) Prince Ribbit resists with some effort.
Prince Ribbit closely misses you. x2
You hear some strange, mumbled words.
A puff of flame appears from out of thin air!
The puff of flame hits you!
You feel threatened and lose the ability to drink potions!
* * * LOW HITPOINT WARNING * * *
The orc closely misses you.
Aiming: Charm
Press: ? - help, Shift-Dir - straight line, f - Prince Ribbit
Aim: Prince Ribbit (chance to affect: 41%) Prince Ribbit resists with some effort.
Prince Ribbit hits you.
You die...

... #. ...§ #. ###
...§.#.##.# #o.)...#
.. #.#.## ..# #....#
.... ###..##....
########.(......
#...F@{......##.
#.....o......#
#............#
#.......)....#
#............#
#............#
#............########.
#............##.......
#............+........


You could see Prince Ribbit and an orc.

Vanquished Creatures
  A scorpion (D:4)
  A hound (D:5)
  6 adders
  4 river rats (Sewer)
  A shadow imp (D:5)
  A white imp (D:5)
  An ufetubus (D:5)
  2 worms
  2 dart slugs
  2 orcs
  6 ball pythons
  2 endoplasms
  9 giant cockroaches
  A goblin (D:1)
  2 hobgoblins (D:2)
  9 jackals
  6 quokkas
  8 bats
  A frilled lizard (D:3)
  A kobold (D:3)
  A rat (D:3)
67 creatures vanquished.

Vanquished Creatures (collateral kills)
  An adder (Sewer)
  A jackal (D:2)
2 creatures vanquished.

Grand Total: 69 creatures vanquished

Notes
Turn   | Place    | Note
-------+----------+-------------------------------------------
     0 | D:1      | M4edhros the Octopode Artificer began the quest for the
                  | Orb.
     0 | D:1      | Reached XP level 1. HP: 13/13 MP: 1/1
   147 | D:1      | Reached XP level 2. HP: 18/18 MP: 2/2
   249 | D:2      | Reached skill level 1 in Unarmed Combat
   320 | D:2      | Found a faded altar of an unknown god.
   330 | D:2      | Reached XP level 3. HP: 9/23 MP: 3/3
   479 | D:3      | Found a white marble altar of Elyvilon.
   681 | D:3      | Found a glowing golden altar of the Shining One.
   811 | D:4      | Noticed a scorpion
   819 | D:4      | Killed a scorpion
   820 | D:4      | Reached XP level 4. HP: 8/29 MP: 4/4
   937 | D:5      | Entered Level 5 of the Dungeon
  1003 | D:5      | Found a glowing drain.
  1026 | D:5      | Reached XP level 5. HP: 27/34 MP: 5/5
  1031 | Sewer    | Entered a sewer
  1306 | Sewer    | Reached skill level 4 in Evocations
  1834 | Sewer    | HP: 1/34 [adder (2)]
  1984 | D:5      | Found a hide-covered altar of Uskayaw.
  2007 | D:5      | Reached XP level 6. HP: 29/39 MP: 6/6
  2207 | D:5      | Noticed Prince Ribbit
  2223 | D:5      | Gained mutation: Your body sometimes deteriorates upon
                  | taking damage. [potion of mutation]
  2223 | D:5      | Gained mutation: You occasionally lose the ability to drink
                  | potions when taking damage. [potion of mutation]
  2223 | D:5      | Gained mutation: You have a pair of small antennae on your
                  | head. [potion of mutation]
  2223 | D:5      | Gained mutation: You are somewhat resistant to further
                  | mutation. [potion of mutation]
  2228 | D:5      | Slain by Prince Ribbit

Illustrated notes

Levels and vault maps discovered:
D:1:      lightli_arrival_flooded_house, layout_loops_cross
D:2:      layout_rooms, shapermc_ecumenical_altar_pompeii, grunt_ministairs_14,
          uniq_crazy_yiuf_cottage, uniq_sigmund
D:3:      layout_basic, mainiacjoe_overflow_catwalk,
          nicolae_elyvilon_peaceful_grove, chequers_serial_rivers_large_b
D:4:      layout_loops_ring, lemuel_round_altar,
          mainiacjoe_overflow_surrounded_room, serial_shops,
          nicolae_shop_hallway_stairs, uniq_pikel, uniq_grinder, uniq_robin
D:5:      layout_basic, nicolae_uskayaw_dance_hall, gup_sewer_entry_glass,
          roderic_lattice_a, uniq_prince_ribbit1

Skill      XL: |  1  2  3  4  5 |
---------------+----------------+-----
Unarmed Combat | 1 2 3 |  3.3
Stealth        | 2 3 |  3.5
Fighting       | 2 |  2.4
Dodging        | 3 |  3.4
Evocations     | 4 |  4.2

Action                   |  1- 3 |  4- 6 || total
-------------------------+-------+-------++-------
Melee: Unarmed           |    79 |   129 ||   208
       Constrict         |    21 |    35 ||    56
       Tentacles         |    15 |    29 ||    44
       Punch             |     3 |     3 ||     6
Evoke: Wand              |     3 |     7 ||    10
  Use: Potion            |       |     3 ||     3
 Stab: Sleeping          |     7 |    11 ||    18
Armor: Skin              |     5 |    18 ||    23
Dodge: Dodged            |    54 |   128 ||   182

Table legend: (Time is in decaauts)
 A = Elapsed time spent in this place.
 B = Non-inter-level travel time spent in this place.
 C = Inter-level travel time spent in this place.
 D = Time resting spent in this place.
 E = Time spent auto-exploring this place.
 F = Levels seen in this place.
 G = Mean time per level.
                   A        B        C        D        E       F      G
               +--------+--------+--------+--------+--------+-----+--------+
         Total |   2218 |   2191 |     27 |    285 |   1288 |   6 |  369.7 |
       Dungeon |   1410 |   1383 |     27 |    103 |    890 |   5 |  282.0 |
         Sewer |    808 |    808 |      0 |    182 |    398 |   1 |  808.0 |
               +--------+--------+--------+--------+--------+-----+--------+

Top non-repeatable levels by time:
   Sewer: 808 daAuts
     D:5: 475 daAuts
     D:3: 318 daAuts
     D:2: 284 daAuts
     D:1: 184 daAuts
     D:4: 146 daAuts
